 Dungeon Crawl Stone Soup version 0.21.1 (webtiles) character file.

2065 Chrisjfl the Basher (level 9, -1/138 HPs)
             Began as an Ogre Warper on Feb 5, 2018.
             Was a Believer of Ru.
             Shot with an arrow by a centaur (5 damage)
             ... on level 7 of the Dungeon.
             The game lasted 00:50:11 (12837 turns).

Chrisjfl the Basher (Ogre Warper)                  Turns: 12837, Time: 00:50:12

Health: -1/138     AC: 24    Str: 16 (17) XL:     9   Next: 26%
Magic:  12/12      EV:  1    Int: 15 (16) God:    Ru [**....]
Gold:   295        SH:  0    Dex:  8 (9)  Spells: 6/12 levels left

rFire    . . .     SeeInvis .   a - +1 mace (holy)
rCold    x . .     Gourm    .   (no shield)
rNeg     + + +     Faith    .   (armour currently unavailable)
rPois    +         Spirit   .   (helmet currently unavailable)
rElec    .         Reflect  .   (cloak currently unavailable)
rCorr    +         Harm     .   (gloves unavailable)
MR       .....     NoTele   +   (boots unavailable)
Stlth    +.........             C - amulet of magic regeneration
HPRegen  0.33/turn              i - ring of resist corrosion
MPRegen  0.38/turn              s - ring of protection from fire

@: tree-form
A: large, unfitting armour, temperature sensitive
a: Sacrifice Durability, Sacrifice Experience, Sacrifice Artifice, Reject
Sacrifices, Renounce Religion


You were on level 7 of the Dungeon.
You worshipped Ru.
Ru was pleased with you.
You were hungry.
You were a tree.
You visited 2 branches of the dungeon, and saw 8 of its levels.

You collected 295 gold pieces.

Inventory:

Hand Weapons
 a - a +1 mace of holy wrath (weapon)
 t - a +0 dagger of holy wrath
 D - a +0 mace
 N - a +0 mace of protection
Missiles
 e - 4 tomahawks of dispersal
 g - 7 javelins (quivered)
 j - 259 stones
 v - 2 tomahawks
 z - 15 bolts
 E - a throwing net
Armour
 b - a +0 robe (melded)
Jewellery
 i - a ring of resist corrosion (left branch)
 n - an uncursed ring of magical power
 s - a ring of protection from fire (right branch)
 C - an amulet of magic regeneration (around neck)
 J - a cursed amulet of inaccuracy {unknown}
Wands
 p - a wand of clouds (2)
 F - a wand of iceblast (3)
 G - a wand of random effects (29)
 L - a wand of disintegration (10)
Scrolls
 d - a scroll of acquirement {unknown}
 m - 5 scrolls of remove curse
 o - a scroll of enchant armour {unknown}
 w - a scroll of teleportation
 x - 2 scrolls of noise
 y - 2 scrolls of magic mapping
 B - a scroll of enchant weapon {unknown}
 K - a scroll of vulnerability {unknown}
 M - a scroll of random uselessness {unknown}
Potions
 k - 6 potions of curing
 l - a potion of magic
 q - a potion of cancellation
 A - a potion of lignification
 I - 2 potions of mutation
Books
 c - a book of Spatial Translocations

   Spells                             Type                      Level
   a - Blink                          Translocation                2
   b - Shroud of Golubria             Charms/Translocation         2
   c - Lesser Beckoning               Translocation                3
   d - Gell's Gravitas                Translocation                3
   e - Teleport Other                 Translocation                3
   f - Passage of Golubria            Translocation                4
 h - a book of Conjurations

   Spells                             Type                      Level
   a - Magic Dart                     Conjuration                  1
   b - Searing Ray                    Conjuration                  2
   c - Dazzling Spray                 Conjuration/Hexes            3
   d - Fulminant Prism                Conjuration/Hexes            4
   e - Force Lance                    Conjuration/Translocation    4
   f - Iskenderun's Mystic Blast      Conjuration                  4
 u - a Young Poisoner's Handbook

   Spells                             Type                      Level
   a - Sting                          Conjuration/Poison           1
   b - Poisonous Vapours              Poison/Air                   2
   c - Mephitic Cloud                 Conjuration/Poison/Air       3
   d - Olgreb's Toxic Radiance        Poison                       4
   e - Venom Bolt                     Conjuration/Poison           5
Comestibles
 f - 15 rations
 r - a chunk of flesh


   Skills:
 + Level 6.6 Fighting
 - Level 8.0 Maces & Flails
 - Level 1.0 Throwing
 - Level 5.0 Dodging
 - Level 2.4 Spellcasting
 + Level 3.3 Conjurations
 - Level 3.4 Translocations


You had 6 spell levels left.
You knew the following spells:

 Your Spells              Type           Power        Failure   Level  Hunger
a - Blink                 Tloc           N/A          8%          2    ###....
b - Shroud of Golubria    Chrm/Tloc      #.........   16%         2    ###....
c - Searing Ray           Conj           ##....       8%          2    ###....


Dungeon Overview and Level Annotations

Branches:
Dungeon (7/15)             Temple (1/1) D:4

Altars:
Ashenzari
Cheibriados
Fedhas
Gozag
Hepliaklqana
Makhleb
Nemelex Xobeh
Okawaru
Qazlal
Ru
Sif Muna
Trog
Uskayaw
Wu Jian
Xom
Yredelemnul
Zin
The Shining One

Shops:
D:7 [

Annotations:
D:3 mdefp's ghost, weakling MiBe
D:6 Devour's ghost, novice GnSk
D:7 Joseph


Innate Abilities, Weirdness & Mutations

You are too large for most types of armour.
((You have tough skin. (AC +1)))
You are sensitive to extremes of temperature. (rF-, rC-)
((You are partially covered in icy blue scales. (AC +2)))
((You are partially covered in large bone plates. (SH +4)))
((You are occasionally teleported next to monsters.))


Message History

The centaur hits you with an uncursed mace!
* * * LOW HITPOINT WARNING * * *
The centaur barely misses you.
You see here an arrow.
Unknown command.
Okay, then.
Okay, then.
As you read the scroll labeled PADGHA LUGONAI, it crumbles to dust.
You feel strangely unstable.
It was a scroll of teleportation.
The centaur shoots an arrow.
The arrow hits you.
* * * LOW HITPOINT WARNING * * *
The centaur hits you with an uncursed mace.
* * * LOW HITPOINT WARNING * * *
The centaur shoots an arrow.
The arrow hits you!
* * * LOW HITPOINT WARNING * * *
You turn into a tree.
Your +0 robe melds into your body.
Your roots penetrate the ground.
You feel strangely stable.
The centaur hits you but does no damage.
The centaur shoots an arrow.
The arrow hits you.
You die...

..#.##.#. #........
#. .c.... #.##.##.#
#.#...#.#
#.###.#...#.#
............#######
#.#.#.c.(((.(......
#.....♣.....#######
#######.%.### #...#
#####


You could see 2 centaurs.

Vanquished Creatures
  Sigmund (D:6)
  A spriggan (D:7)
  A hungry ghost (Temple)
  Menkaure (D:6)
  A hornet zombie (D:7)
  3 sky beasts
  A phantom (D:5)
  An ogre (D:5)
  A centaur (D:5)
  2 bullfrogs
  A howler monkey (D:5)
  A centaur zombie (D:5)
  3 crimson imps
  A hound (D:5)
  2 orc priests (D:6)
  A bullfrog skeleton (D:5)
  4 orc wizards
  2 iguanas
  3 worker ants (D:6)
  A howler monkey zombie (D:7)
  4 gnolls (D:5)
  4 adders
  A shadow imp (D:7)
  2 oozes
  An adder zombie (D:5)
  2 dart slugs
  4 leopard geckos
  14 orcs
  3 bats
  5 giant cockroaches
  6 goblins
  9 hobgoblins
  19 jackals
  10 kobolds
  2 quokkas
  6 frilled lizards
  A goblin zombie (D:7)
  A quokka skeleton (D:2)
  A quokka zombie (D:5)
  7 rats
134 creatures vanquished.

Vanquished Creatures (others)
  An orc warrior (D:6)
1 creature vanquished.

Grand Total: 135 creatures vanquished

Notes
Turn   | Place    | Note
-------+----------+-------------------------------------------
     0 | D:1      | Chrisjfl the Ogre Warper began the quest for the Orb.
     0 | D:1      | Reached XP level 1. HP: 22/22 MP: 3/3
    25 | D:1      | Reached skill level 2 in Maces & Flails
   141 | D:1      | Reached XP level 2. HP: 16/29 MP: 5/5
   352 | D:1      | Learned a level 2 spell: Blink
   584 | D:1      | Reached skill level 3 in Maces & Flails
   609 | D:1      | Reached XP level 3. HP: 17/36 MP: 6/6
  2368 | D:2      | Found a shattered altar of Ashenzari.
  2368 | D:2      | Found an iron altar of Okawaru.
  2374 | D:2      | Found a glowing golden altar of the Shining One.
  2376 | D:2      | Found a glowing silver altar of Zin.
  2378 | D:2      | Found a sacrificial altar of Ru.
  2862 | D:3      | Reached XP level 4. HP: 44/44 MP: 7/7
  3039 | D:3      | Learned a level 2 spell: Shroud of Golubria
  3203 | D:3      | Noticed mdefp's ghost (weakling MiBe)
  3224 | D:4      | Reached skill level 4 in Maces & Flails
  3518 | D:4      | Noticed a hungry ghost
  3607 | D:4      | Found a staircase to the Ecumenical Temple.
  4623 | Temple   | Entered the Ecumenical Temple
  4639 | Temple   | Killed a hungry ghost
  4639 | Temple   | Reached skill level 5 in Maces & Flails
  4639 | Temple   | Reached XP level 5. HP: 35/50 MP: 8/8
  5029 | D:2      | Became a worshipper of Ru the Awakened
  5322 | D:4      | Reached XP level 6. HP: 51/59 MP: 9/9
  5717 | D:5      | Entered Level 5 of the Dungeon
  5766 | D:5      | Noticed a phantom
  6160 | D:5      | Reached skill level 6 in Maces & Flails
  6304 | D:5      | Killed a phantom
  6334 | D:5      | Reached XP level 7. HP: 15/66 MP: 6/10
  6749 | D:5      | Gained mutation: You are sensitive to extremes of temperature. (rF-, rC-) [Ru sacrifice]
  6749 | D:5      | Reached * piety under Ru
  6749 | D:5      | Reached ** piety under Ru
  6923 | D:5      | Reached skill level 7 in Maces & Flails
  7806 | D:5      | Reached skill level 5 in Fighting
  8082 | D:5      | Reached XP level 8. HP: 56/84 MP: 11/11
  8332 | D:6      | Noticed Devour's ghost (novice GnSk)
  8686 | D:6      | Noticed Sigmund
  8694 | D:6      | Killed Sigmund
  9128 | D:6      | Reached skill level 8 in Maces & Flails
  9245 | D:6      | Noticed Menkaure
  9266 | D:6      | Killed Menkaure
  9534 | D:6      | Found a snail-covered altar of Cheibriados.
 10423 | D:7      | Found Nyunij's Antique Armour Shoppe.
 11183 | D:5      | Learned a level 2 spell: Searing Ray
 11406 | D:6      | Reached skill level 5 in Dodging
 11406 | D:6      | Reached skill level 1 in Conjurations
 11545 | D:6      | Reached XP level 9. HP: 41/92 MP: 12/12
 12289 | D:7      | Noticed Joseph
 12296 | D:7      | Paralysed by Joseph for 2 turns
 12309 | D:7      | Paralysed by Joseph for 4 turns
 12731 | D:7      | Gained mutation: You are occasionally teleported next to monsters. [potion of mutation]
 12731 | D:7      | Gained mutation: You are partially covered in large bone plates. (SH +4) [potion of mutation]
 12731 | D:7      | Gained mutation: You are partially covered in icy blue scales. (AC +2) [potion of mutation]
 12836 | D:7      | HP: 3/92 [centaur/arrow (7)]
 12837 | D:7      | Shot with an arrow by a centaur

Skill      XL: |  1  2  3  4  5  6  7  8  9 |
---------------+----------------------------+-----
Maces & Flails | 2 3 5 6 7 8 |  8.0
Fighting       | 6 |  6.6
Dodging        | 5 |  5.0
Conjurations   | 1 3 |  3.3
Translocations | 3 |  3.4
Throwing       | |  1.0
Spellcasting   | |  2.4

Action                   |  1- 3 |  4- 6 |  7- 9 || total
-------------------------+-------+-------+-------++-------
Melee: Mace              |   140 |   175 |   353 ||   668
       Dagger            |       |       |     7 ||     7
Throw: Javelin           |       |     4 |    18 ||    22
       Tomahawk          |       |     1 |       ||     1
 Cast: Shroud of Golubri |       |    11 |     6 ||    17
       Blink             |       |       |     1 ||     1
       Searing Ray       |       |       |     1 ||     1
Invok: Sacrifice Resista |       |       |     1 ||     1
Evoke: Wand              |       |     1 |    10 ||    11
  Use: Potion            |       |     5 |     7 ||    12
       Scroll            |       |     4 |     6 ||    10
 Stab: Sleeping          |     1 |       |       ||     1
       Invisible         |       |       |     4 ||     4
       Confused          |       |       |     1 ||     1
  Eat: Chunk             |     6 |     6 |    16 ||    28
       Ration            |       |     2 |     2 ||     4
Armor: Robe              |    36 |    30 |    59 ||   125
       Skin              |       |       |     7 ||     7
Dodge: Dodged            |    98 |   102 |   182 ||   382
Block: Other             |       |       |     2 ||     2
